 Dungeon Crawl Stone Soup version 0.31-a0-640-g39d97e502b (webtiles) character file.

Game seed: 5318265509026992119

19298 greenreed the Grappler (level 13, -10/99 HPs)
             Began as a Djinni Shapeshifter on Aug 27, 2023.
             Was an Initiate of Yredelemnul.
             Shot with a bolt by a yaktaur (21 damage)
             ... on level 15 of the Dungeon.
             The game lasted 00:52:46 (17038 turns).

greenreed the Grappler (Djinni Shapeshifter)       Turns: 17038, Time: 00:52:48

Health: -10/99     AC: 13    Str: 16    XL:     13   Next: 3%
Gold:   774        EV: 30    Int: 11    God:    Yredelemnul [......] SH:  0 Dex: 15

rFire   + +          .
                       - Unarmed
rCold   . . .        (shield currently unavailable)
rNeg    + . .        g - +2 ring mail {rC+}
rPois   ∞            k - +1 helmet
rElec   .            p - +2 ratskin cloak {*Rats rPois rN+ Str-1 Int-1 Dex+1}
rCorr   .            (no gloves)
SInv    +            (boots unavailable)
Will    ++...        v - amulet of the acrobat
Stlth   +            e - ring of see invisible
HPRegen 0.36/turn    P - ring of willpower
MPRegen 0.00/turn

%: acrobat, infuse magic (-11 HP)
@: flux-form, acrobatic, flying, glowing, studying Axes
A: glow, contaminating, flying, sickness immunity, fire resistance 2, cold
vulnerability 1, float, innate caster, HP casting, extra vitality 1
a: Begin Untransformation, Renounce Religion, Recall Undead Harvest


You were on level 15 of the Dungeon.
You worshipped Yredelemnul.
Yredelemnul was noncommittal.
You were something dangerously unstable.
You visited 2 branches of the dungeon, and saw 14 of its levels.
You also visited: Ossuary and Bailey.

You collected 774 gold pieces.

Inventory:

Hand Weapons
 E - a +2 trident of freezing
Missiles
 D - 2 throwing nets
 L - 4 curare-tipped darts
Armour
 g - a +2 ring mail of cold resistance (worn)
 k - a +1 helmet (worn)
 p - the +2 ratskin cloak (worn) {*Rats rPois rN+ Str-1 Int-1 Dex+1}
   (You found it on level 3 of the Dungeon)

   *Rats:     When the wearer is hurt, rats may emerge from it to assist them.
   Str-1:     It affects your strength (-1).
   Int-1:     It affects your intelligence (-1).
   Dex+1:     It affects your dexterity (+1).
   rPois:     It protects you from poison rN+: It protects you from negative
   energy.
 J - a +0 pair of gloves
 O - the +0 crystal plate armour "Ciri" {rElec rN+}
   (You found it in a bailey)

   rElec:     It insulates you from electricity.
   rN+:       It protects you from negative energy.
Jewellery
 e - a ring of see invisible (left hand)
 h - a ring of protection from fire
 v - an amulet of the acrobat (around neck)
 P - a ring of willpower (right hand)
Talismans
 c - a beast talisman
 d - a flux talisman (active)
 f - a blade talisman
 r - a serpent talisman
Wands
 a - a wand of mindburst (10)
 j - a wand of flame (34)
 o - a wand of polymorph (17)
 s - a wand of acid (3)
 u - a wand of iceblast (4)
 C - a wand of charming (13)
 T - a wand of digging (5)
Scrolls
 l - 10 scrolls of identify {unknown}
 n - 3 scrolls of fog
 w - 5 scrolls of enchant weapon {unknown}
 x - 3 scrolls of revelation {unknown}
 y - 7 scrolls of enchant armour {unknown}
 F - 2 scrolls of noise {unknown}
 H - 3 scrolls of teleportation {unknown}
 I - 3 scrolls of blinking
 K - a scroll of fear {unknown}
 M - a scroll of poison
 Q - a scroll of silence {unknown}
 R - a scroll of torment {unknown}
Potions
 b - 2 potions of lignification
 i - 9 potions of curing
 m - a potion of heal wounds {unknown}
 q - 2 potions of enlightenment {unknown}
 t - 2 potions of berserk rage {unknown}
 z - 2 potions of cancellation {unknown}
 A - a potion of might {unknown}
 B - a potion of invisibility {unknown}
 G - 3 potions of haste {unknown}
 N - a potion of experience
 S - a potion of ambrosia {unknown}


   Skills:
 * Level 11.0 Fighting
 + Level 4.0 Armour
 + Level 8.8 Dodging
 * Level 11.3 Unarmed Combat
 + Level 1.0 Spellcasting
 + Level 1.0 Conjurations
 + Level 1.0 Hexes
   Level 0.0 Charms
 + Level 1.0 Summonings
 + Level 1.0 Necromancy
 + Level 1.0 Translocations
 + Level 1.0 Transmutations
 + Level 1.0 Fire Magic
 + Level 1.0 Ice Magic
 + Level 1.0 Air Magic
 + Level 1.0 Earth Magic
 + Level 1.0 Poison Magic
 + Level 7.1 Invocations
 + Level 7.1 Shapeshifting


You knew the following spells:

 Your Spells              Type           Power      Damage    Failure   Level
a - Summon Small Mammal   Summ           8%         N/A       36%         1
b - Blink                 Tloc           4%         N/A       50%         2
c - Ozocubu's Armour      Ice            2%         N/A       75%         3
d - Frozen Ramparts       Ice            4%         1d1       75%         3
e - Lee's Rapid Deconstr  Erth           1%         3d4*      100%        5
f - Metabolic Englaciati  Hex/Ice        1%         N/A       100%        5
Your spell library was empty.


Dungeon Overview and Level Annotations

Branches:
Dungeon (12/15)            Temple (1/1) D:4            Lair (0/5) D:9
    Orc (0/2) D:10        Ossuary (visited)          Bailey (visited)

Altars:
Ashenzari
Cheibriados
Dithmenos
Elyvilon
Fedhas
Gozag
Hepliaklqana
Makhleb
Nemelex Xobeh
Okawaru
Qazlal
Ru
Trog
Uskayaw
Wu Jian
Xom
Yredelemnul
Zin
The Shining One

Annotations:
D:4 2 transporters


Innate Abilities, Weirdness & Mutations

You are something dangerously unstable.
You glow with magical radiation, making you easy to see and hit.
Foes you strike become dangerously contaminated with magical radiation.
You are flying.
You are incapable of wielding weapons or throwing items.
You are immune to sickness and miasma.
You are immune to poison.
Your flesh is very heat resistant. (rF++)
You are vulnerable to cold. (rC-)
You float through the air rather than walking.
You learn spells naturally, not from books.
Your magical power is your life essence.
You have superior vitality. (+4 MHP)


Message History

A six-headed hydra comes into view.
The six-headed hydra roars!
The spark wasp zombie misses you.
The spark wasp zombie attacks as it pursues you!
The spark wasp zombie closely misses you.
The spark wasp zombie attacks as it pursues you!
The spark wasp zombie hits you but does no damage.
The spark wasp zombie completely misses you.
The spark wasp zombie attacks as it pursues you!
The spark wasp zombie completely misses you.
The spark wasp zombie misses you.
The spark wasp zombie attacks as it pursues you!
The spark wasp zombie completely misses you.
The spark wasp zombie hits you but does no damage.
A guardian mummy comes into view.
The spark wasp zombie attacks as it pursues you!
The spark wasp zombie hits you.
* * * LOW HITPOINT WARNING * * *
The spark wasp zombie attacks as it pursues you!
The spark wasp zombie closely misses you.
The spark wasp zombie attacks as it pursues you!
The spark wasp zombie closely misses you.
The spark wasp zombie hits you but does no damage.
The spark wasp zombie attacks as it pursues you!
The spark wasp zombie completely misses you.
An ettin zombie comes into view.
The spark wasp zombie attacks as it pursues you!
The spark wasp zombie completely misses you. x2
The spark wasp zombie attacks as it pursues you!
The spark wasp zombie barely misses you.
The spark wasp zombie misses you.
The spark wasp zombie attacks as it pursues you!
The spark wasp zombie completely misses you.
A yaktaur and an efreet come into view.
The efreet is wielding a +1 scimitar of flaming.
The yaktaur shouts!
The yaktaur wields a +0 arbalest.
The yaktaur shoots a bolt.
The bolt hits you!!
You die...
Your body rises from the dead as a mindless zombie.

.#. ####... ..☼..#. ..R....
.....# .....# ####.....## .#
#.#.ZB....... .8#
#.#.##......c P... #.#.#
###.... ....##.#.## ...
....#....# #.... #≈
.P.#....M.####... ..#≈
...Z............ #..$#≈
.........##E######.##≈#.?.#.
...8P..#.............#≈#...#


You could see a yaktaur, an efreet and a spark wasp zombie.

Vanquished Creatures
  A two-headed ogre (D:8)
  2 boulder beetles
  An orc high priest (Bailey)
  2 skeletal warriors
  An ugly thing (D:12)
  Maurice (D:8)
  An orange demon (D:9)
  A gargoyle (D:12)
  A kobold demonologist (Bailey)
  An ice devil (D:9)
  2 trolls
  Grinder (D:3)
  3 shadows (D:11)
  3 slime creatures (D:12)
  2 vampires
  3 wyverns
  12 yaks
  10 vampire mosquitoes
  A chaos spawn (D:9)
  Duvessa (D:6)
  2 water moccasins
  A black bear (D:8)
  2 sky beasts
  An ogre (D:5)
  9 orc warriors
  A wolf (D:9)
  3 centaurs
  A phantom (D:7)
  Blork the orc (D:6)
  3 kobold brigands
  6 bullfrogs
  14 wights
  Dowan (D:6)
  3 killer bees (D:10)
  4 electric eels
  3 howler monkeys
  A centaur zombie (Ossuary)
  2 quasits (D:9)
  A gnoll bouda (D:7)
  7 hounds
  5 jellies
  2 orc priests
  5 iguanas
  A sleepcap (D:8)
  Ijyb (D:3)
  9 orc wizards
  3 mummies (Ossuary)
  16 gnolls
  10 adders
  A shadow imp (D:5)
  3 white imps
  2 ufetubi (D:5)
  3 worms (D:3)
  2 dart slugs
  20 orcs
  8 bats
  6 endoplasms
  2 giant cockroaches (D:2)
  10 goblins
  15 hobgoblins
  10 jackals
  26 kobolds
  5 quokkas
  5 ball pythons
  3 frilled lizards
  A goblin zombie (Bailey)
  2 hobgoblin zombies (Ossuary)
  4 rats
296 creatures vanquished.

Vanquished Creatures (collateral kills)
  A hydra (D:12)
  A troll (D:10)
  2 slime creatures (D:12)
  A ynoxinul (D:9)
  5 yaks
  A wraith (D:11)
  A vampire mosquito (D:11)
  Menkaure (D:5)
  Edmund (D:5)
  2 wolves (D:8)
  An ogre (D:4)
  A bullfrog (D:9)
  2 scorpions (D:5)
  2 killer bees (D:10)
  2 electric eels
  2 howler monkeys (D:9)
  2 hounds (D:5)
  A jelly (D:5)
  3 orc priests
  2 iguanas
  2 orc wizards
  2 mummies (Ossuary)
  9 gnolls
  A worm (D:5)
  18 orcs
  A goblin (Bailey)
  A hobgoblin (Bailey)
  6 kobolds
  2 quokkas (D:5)
  A goblin zombie (D:5)
  A rat zombie (D:5)
78 creatures vanquished.

Vanquished Creatures (others)
  A hydra zombie (D:12)
  4 vampire mosquito zombies
  A spectral ynoxinul (D:9)
  2 water moccasin zombies
  A yak zombie (D:8)
  2 bullfrog zombies
  A centaur zombie (D:8)
  A scorpion zombie (D:5)
  An ogre zombie (D:5)
  4 hound zombies
  A howler monkey zombie (D:9)
  An iguana zombie (D:5)
  A spectral shadow imp (D:5)
  A spectral white imp (D:5)
  7 gnoll zombies
  2 dart slug zombies
  A goblin zombie (Bailey)
  2 kobold zombies (D:8)
  21 orc zombies
55 creatures vanquished.

Grand Total: 429 creatures vanquished

Notes
Turn   | Place    | Note
-------+----------+-------------------------------------------
     0 | D:1      | greenreed the Djinni Shapeshifter began the quest for the
                  | Orb.
     0 | D:1      | Reached XP level 1. HP: 17/17 MP: 0/0
   135 | D:1      | Reached XP level 2. HP: 22/22 MP: 0/0
   381 | D:1      | Reached XP level 3. HP: 27/27 MP: 0/0
   381 | D:1      | Learned a level 1 spell: Summon Small Mammal
   889 | D:2      | Found an iron altar of Okawaru.
   997 | D:2      | Reached XP level 4. HP: 33/33 MP: 0/0
  1481 | D:2      | Found a faded altar of an unknown god.
  1508 | D:3      | Noticed Ijyb
  1637 | D:3      | Found the +2 ratskin cloak {*Rats rPois rN+ Str-1 Int-1
                  | Dex+1}
  1838 | D:3      | Noticed Grinder
  1843 | D:3      | Paralysed by Grinder for 5 turns
  1851 | D:3      | Paralysed by Grinder for 4 turns
  1858 | D:3      | Paralysed by Grinder for 4 turns
  1865 | D:3      | Paralysed by Grinder for 2 turns
  1869 | D:3      | Killed Grinder
  1870 | D:3      | Reached XP level 5. HP: 25/40 MP: 0/0
  1870 | D:3      | Learned a level 2 spell: Blink
  1870 | D:3      | Reached XP level 6. HP: 29/46 MP: 0/0
  2143 | D:3      | Killed Ijyb
  2483 | D:4      | Reached XP level 7. HP: 41/51 MP: 0/0
  2483 | D:4      | Learned a level 3 spell: Ozocubu's Armour
  2767 | D:4      | Found a transporter.
  2889 | D:4      | Found a transporter.
  2923 | D:4      | Found a staircase to the Ecumenical Temple.
  2929 | Temple   | Entered the Ecumenical Temple
  2976 | Temple   | Became a worshipper of Yredelemnul the Dark
  3080 | D:4      | Reached skill level 5 in Unarmed Combat
  3573 | D:5      | Entered Level 5 of the Dungeon
  3590 | D:5      | Reached skill level 1 in Invocations
  3626 | D:5      | Reached * piety under Yredelemnul
  3628 | D:5      | Noticed a water moccasin
  3640 | D:5      | Killed a water moccasin
  3640 | D:5      | Reached ** piety under Yredelemnul
  3641 | D:5      | Reached XP level 8. HP: 45/58 MP: 0/0
  3651 | D:5      | Found a sand-covered staircase.
  3879 | D:5      | Reached skill level 5 in Fighting
  3934 | Ossuary  | Entered an ossuary
  4216 | D:5      | Found an ornate altar of the Wu Jian Council.
  4327 | D:5      | Found a burning altar of Makhleb.
  4537 | D:5      | Noticed Menkaure
  4585 | D:5      | Killed Menkaure
  4586 | D:5      | Reached skill level 5 in Dodging
  4586 | D:5      | Reached XP level 9. HP: 13/66 MP: 0/0
  4586 | D:5      | Learned a level 3 spell: Frozen Ramparts
  4945 | D:6      | Noticed Edmund
  4948 | D:6      | Noticed Dowan
  4959 | D:5      | Killed Edmund
  6467 | D:6      | Noticed Duvessa
  6474 | D:6      | Killed Duvessa
  6556 | D:6      | Killed Dowan
  6857 | D:5      | HP: 3/67 [wight/+0 falchion (5)]
  7279 | D:6      | Identified the +6 rapier of the Twisting Gods {freeze,
                  | Str+4}
  7329 | D:6      | Found a stormy altar of Qazlal.
  7384 | D:6      | Reached skill level 5 in Shapeshifting
  7576 | D:6      | Noticed Blork the orc
  7584 | D:6      | Killed Blork the orc
  7758 | D:7      | Reached XP level 10. HP: 72/75 MP: 0/0
  9273 | D:8      | Found a white marble altar of Elyvilon.
  9342 | D:8      | Noticed a two-headed ogre
  9425 | D:8      | Noticed Maurice
  9439 | D:8      | Killed Maurice
  9543 | D:8      | Killed a two-headed ogre
  9544 | D:8      | Reached skill level 5 in Invocations
  9774 | D:8      | Reached XP level 11. HP: 77/82 MP: 0/0
  9774 | D:8      | Learned a level 5 spell: Lee's Rapid Deconstruction
 10068 | D:8      | Reached *** piety under Yredelemnul
 10942 | D:9      | Found a staircase to the Lair.
 10986 | D:9      | Reached skill level 1 in Spellcasting
 10986 | D:9      | Reached skill level 1 in Conjurations
 10986 | D:9      | Reached skill level 1 in Hexes
 10986 | D:9      | Reached skill level 1 in Summonings
 10986 | D:9      | Reached skill level 1 in Necromancy
 10986 | D:9      | Reached skill level 1 in Translocations
 10986 | D:9      | Reached skill level 1 in Transmutations
 10986 | D:9      | Reached skill level 1 in Fire Magic
 10986 | D:9      | Reached skill level 1 in Ice Magic
 10986 | D:9      | Reached skill level 1 in Air Magic
 10986 | D:9      | Reached skill level 1 in Earth Magic
 10986 | D:9      | Reached skill level 1 in Poison Magic
 11958 | D:9      | Reached skill level 1 in Armour
 12409 | D:10     | Entered Level 10 of the Dungeon
 12516 | D:10     | Reached skill level 10 in Unarmed Combat
 12534 | D:10     | Found a flagged portal.
 12565 | Bailey   | Entered a bailey
 13002 | Bailey   | Found an iron altar of Okawaru.
 13003 | Bailey   | Noticed an orc high priest
 13009 | Bailey   | Killed an orc high priest
 13067 | Bailey   | Identified the +0 crystal plate armour "Ciri" {rElec rN+}
 13311 | Bailey   | Reached XP level 12. HP: 65/91 MP: 0/0
 13702 | D:10     | Acquired a ring of willpower
 13762 | D:10     | Found a staircase to the Orcish Mines.
 13897 | D:10     | Found a sacrificial altar of Ru.
 14111 | D:10     | Found a glowing golden altar of the Shining One.
 14254 | D:11     | Reached skill level 10 in Fighting
 14348 | D:11     | Noticed a boulder beetle
 14387 | D:11     | Killed a boulder beetle
 14473 | D:11     | Identified the +5 long sword of Biheggu {holy, Fragile
                  | rPois rN+ Str+3}
 14675 | D:11     | Noticed a skeletal warrior
 14675 | D:11     | Noticed a skeletal warrior
 14681 | D:11     | Noticed a skeletal warrior
 14681 | D:11     | Noticed a skeletal warrior
 14704 | D:10     | Killed a skeletal warrior
 15616 | D:12     | Found an opulent altar of Gozag.
 15879 | D:12     | Noticed a boulder beetle
 15889 | D:12     | Killed a boulder beetle
 16003 | D:12     | Noticed a four-headed hydra
 16012 | D:12     | Killed a four-headed hydra
 16254 | D:12     | Noticed a boulder beetle
 16612 | D:12     | Killed a skeletal warrior
 16860 | D:12     | Reached XP level 13. HP: 86/98 MP: 0/0
 16860 | D:12     | Learned a level 5 spell: Metabolic Englaciation
 16957 | D:12     | You are sucked into a shaft and drop 3 floors!
 16957 | D:15     | Entered Level 15 of the Dungeon
 17009 | D:15     | HP: 2/99 [yaktaur/bolt (16)]
 17014 | D:15     | Noticed a six-headed hydra
 17038 | D:15     | Shot with a bolt by a yaktaur

Illustrated notes

Levels and vault maps discovered:
D:1:      orjb1_lava_funnel, layout_loops_ring
D:2:      layout_loops_ring, basic_altar, shapermc_ecumenical_altar_rom_forum
D:3:      layout_loops_ring, chequers_serial_rivers_micro_d,
          minmay_misc_feat_plants, uniq_grinder, uniq_ijyb
D:4:      gammafunk_steamed_eel, layout_loops_ring,
          minmay_temple_entry_purple_smoke, minivault_26
D:5:      layout_basic, mainiacjoe_overflow_paths, marbit_many_paths,
          enter_ossuary_4, minmay_joined_circles, uniq_menkaure
D:6:      layout_rooms, kennysheep_mini_moat, serial_bayou,
          serial_bayou_lagoon_a, serial_bayou_ford_a, serial_bayou_pond_b,
          serial_bayou_pond_e, minmay_misc_feat_tiny, minmay_strange_pillars,
          uniq_blork_the_orc, uniq_edmund, uniq_duvessa
D:7:      layout_loops_cross, minmay_manual_monstrance
D:8:      minmay_inner_zag, layout_gridville, overflow_temple_1_default,
          minivault_22, uniq_maurice
D:9:      layout_stronghold, erik_lair_island, serial_demonic, serial_demonic_e,
          serial_demonic_f, serial_demonic_b, serial_demonic_b,
          chequers_serial_rivers_small_3
D:10:     layout_cave_pools, mainiacjoe_overflow_brackets,
          mainiacjoe_overflow_small_starburst, lemuel_round_altar, orc_0_dummy,
          enter_bailey_5
D:11:     layout_long_grid
D:12:     layout_irregular_city, serial_column_ruins, column_ruins_open_tiny,
          column_ruins_open_tiny, column_ruins_open_medium,
          column_ruins_open_small_water, column_ruins_open_medium,
          column_ruins_open_small, column_ruins_grid_4,
          nicolae_gozag_seed_capital
D:15:     gammafunk_depths_entry_grave, layout_basic, nicolae_water_bricks,
          minmay_three_doors
Temple:   bh_familiar_temple

Skill      XL: |  1  2  3  4  5  6  7  8  9 10 11 12 13 |
---------------+----------------------------------------+-----
Shapeshifting  | 3 4 5 6 7 |  7.1
Fighting       | 2 3 4 5 7 8 9 10 11 | 11.0
Dodging        | 3 4 5 6 7 8 |  8.8
Unarmed Combat | 4 5 6 7 9 10 11 | 11.3
Invocations    | 1 2 3 5 6 7 |  7.1
Spellcasting   | 1 |  1.0
Conjurations   | 1 |  1.0
Hexes          | 1 |  1.0
Summonings     | 1 |  1.0
Necromancy     | 1 |  1.0
Translocations | 1 |  1.0
Transmutations | 1 |  1.0
Fire Magic     | 1 |  1.0
Ice Magic      | 1 |  1.0
Air Magic      | 1 |  1.0
Earth Magic    | 1 |  1.0
Poison Magic   | 1 |  1.0
Armour         | 2 3 4 |  4.0

Action                     |  1- 3 |  4- 6 |  7- 9 | 10-12 | 13-15 || total
---------------------------+-------+-------+-------+-------+-------++-------
  Melee: Unarmed           |   127 |   172 |   471 |   809 |    24 ||  1603
         Punch             |     1 |     3 |    24 |    49 |       ||    77
 Invoke: Recall Undead Har |       |       |     3 |     3 |       ||     6
         Dark Bargain      |       |       |       |     9 |       ||     9
  Evoke: Wand              |       |     4 |    13 |    31 |       ||    48
    Use: Potion            |       |     1 |     2 |       |       ||     3
         Scroll            |       |       |     5 |     1 |       ||     6
   Stab: Sleeping          |     1 |       |       |       |       ||     1
         Distracted        |       |       |     1 |     5 |       ||     6
 Armour: Animal skin       |    23 |       |       |       |       ||    23
         Chain mail        |    33 |   104 |   127 |       |       ||   264
         Skin              |       |     3 |       |       |       ||     3
         Plate armour      |       |       |   163 |       |       ||   163
         Ring mail         |       |       |    13 |   254 |     8 ||   275
  Dodge: Dodged            |    92 |    62 |   180 |   707 |    34 ||  1075
         Form:             |       |     1 |       |       |       ||     1
         Flux              |       |       |       |     1 |       ||     1

Table legend: (Time is in decaauts)
 A = Elapsed time spent in this place.
 B = Non-inter-level travel time spent in this place.
 C = Inter-level travel time spent in this place.
 D = Time resting spent in this place.
 E = Time spent auto-exploring this place.
 F = Levels seen in this place.
 G = Mean time per level.
                   A        B        C        D        E       F      G
               +--------+--------+--------+--------+--------+-----+--------+
         Total |  16836 |  15868 |    968 |   2776 |   9490 |  16 | 1052.2 |
       Dungeon |  15381 |  14485 |    896 |   2776 |   8377 |  13 | 1183.2 |
        Temple |     83 |     11 |     72 |      0 |      0 |   1 |   83.0 |
       Ossuary |    256 |    256 |      0 |      0 |    195 |   1 |  256.0 |
        Bailey |   1115 |   1115 |      0 |      0 |    918 |   1 | 1115.0 |
               +--------+--------+--------+--------+--------+-----+--------+

Top non-repeatable levels by time:
     D:5: 2623 daAuts
     D:8: 1728 daAuts
     D:9: 1471 daAuts
    D:11: 1461 daAuts
     D:7: 1304 daAuts
     D:4: 1299 daAuts
  Bailey: 1115 daAuts
    D:12: 1081 daAuts
     D:6: 1017 daAuts
     D:3: 978 daAuts
    D:10: 828 daAuts
     D:2: 775 daAuts
     D:1: 733 daAuts
 Ossuary: 256 daAuts
  Temple: 83 daAuts
